 Dungeon Crawl Stone Soup version 0.32-a0-876-gcfddb08e57 (webtiles) character file.

Game seed: 8796658436547187045

77 Autsider the Magician (level 4, -2/25 HPs)
             Began as a Deep Elf Hedge Wizard on Mar 31, 2024.
             Slain by an iguana (9 damage)
             ... on level 3 of the Dungeon.
             The game lasted 00:06:01 (2907 turns).

Autsider the Magician (Deep Elf Hedge Wizard)       Turns: 2907, Time: 00:06:01

Health: -2/25      AC:  4    Str:  7    XL:     4   Next: 13%
Magic:  0/12       EV: 11    Int: 21    God:
Gold:   186        SH:  0    Dex: 14    Spells: 5/11 levels left

rFire   . . .        (no weapon)
rCold   . . .        (no shield)
rNeg    . . .        b - +0 robe
rPois   .            c - +0 hat
rElec   .            k - +0 cloak
rCorr   .            r - +0 pair of gloves
SInv    .            (no boots)
Will    .....        a - amulet of regeneration
Stlth   ++           (no ring)
HPRegen 1.04/turn    (no ring)
MPRegen 0.13/turn

%: no passive effects
@: no status effects
A: no striking features
a: no special abilities


You were on level 3 of the Dungeon.
You visited 1 branch of the dungeon, and saw 3 of its levels.

You collected 186 gold pieces.

Inventory:

Armour
 b - a +0 robe (worn)
 c - a +0 hat (worn)
 k - a +0 cloak (worn)
 r - a +0 pair of gloves (worn)
Jewellery
 a - an amulet of regeneration (around neck)
 t - a ring of protection from cold
Wands
 q - a wand of polymorph (8)
Scrolls
 f - a scroll of enchant armour {unknown}
 i - a scroll of poison {unknown}
 l - 2 scrolls of identify {unknown}
 n - a scroll of enchant weapon {unknown}
 o - a scroll of revelation {unknown}
 p - a scroll of vulnerability {unknown}
Potions
 d - a potion of magic
 e - a potion of lignification {unknown}
 g - a potion of heal wounds {unknown}
 h - 2 potions of cancellation {unknown}
 j - a potion of brilliance {unknown}
 m - a potion of experience {unknown}
 s - a potion of mutation {unknown}


   Skills:
 + Level 1.3 Fighting
 - Level 2.4 Dodging
 + Level 3.5 Stealth
 - Level 4.4 Spellcasting
 + Level 2.2 Conjurations
 + Level 2.3 Summonings
 - Level 1.1 Translocations


You had 5 spell levels left.
You knew the following spells:

 Your Spells              Type           Power      Damage    Failure   Level
a - Magic Dart            Conj           56%        1d5       4%          1
b - Mephitic Cloud        Conj/Alch/Air  7%         N/A       26%         3
A - Call Imp              Summ           28%        N/A       7%          2

Your spell library contained the following spells:

 Spells                   Type           Power      Damage    Failure   Level
 Blink                    Tloc           18%        N/A       11%         2
 Slow                     Hex            16%        N/A       12%         1
 Cigotuvi's Dreadful Rot  Necr/Alch/Air  8%         N/A       17%         2
 Sculpt Simulacrum        Ice/Alch       2%         N/A       100%        6
 Ozocubu's Refrigeration  Ice            2%         4d7       100%        7
 Polar Vortex             Ice            2%         N/A       100%        9


Dungeon Overview and Level Annotations

Branches:
Dungeon (3/15)

Altars:

Annotations:
D:2 Terence
D:3 1 runed translucent door, kae's ghost, amateur CoGl


Message History

The iguana closely misses you.
Your cerulean imp hits the iguana but does no damage.
Casting: Magic Dart (safe; 4% risk of failure)
Confirm with . or Enter, or press ? or * to list all spells.
Aiming: Magic Dart (safe; 4% risk of failure)
Press: ? - help, Shift-Dir - straight line, f/p - iguana
Aim: an iguana (heavily wounded, ally target, 100% to hit)
The magic dart hits the iguana but does no damage.
The iguana is heavily wounded.
The iguana barely misses you.
Your cerulean imp hits the iguana but does no damage.
Casting: Magic Dart (safe; 4% risk of failure)
Confirm with . or Enter, or press ? or * to list all spells.
Aiming: Magic Dart (safe; 4% risk of failure)
Press: ? - help, Shift-Dir - straight line, f/p - iguana
Aim: an iguana (heavily wounded, ally target, 100% to hit)
The magic dart hits the iguana.
The iguana is heavily wounded.
The iguana misses you.
Your cerulean imp hits the iguana but does no damage.
Casting: Magic Dart (safe; 4% risk of failure)
Confirm with . or Enter, or press ? or * to list all spells.
Aiming: Magic Dart (safe; 4% risk of failure)
Press: ? - help, Shift-Dir - straight line, f/p - iguana
Aim: an iguana (heavily wounded, ally target, 100% to hit)
The magic dart hits the iguana.
The iguana is severely wounded.
The iguana bites you!
* * * LOW HITPOINT WARNING * * *
Your cerulean imp closely misses the iguana.
Your magical contamination has completely faded away.
Casting: Magic Dart (safe; 4% risk of failure)
Confirm with . or Enter, or press ? or * to list all spells.
Aiming: Magic Dart (safe; 4% risk of failure)
Press: ? - help, Shift-Dir - straight line, f/p - iguana
Aim: an iguana (severely wounded, ally target, 100% to hit)
The magic dart hits the iguana but does no damage.
The iguana is severely wounded.
The iguana bites you!
You die...

#). .# #.. #.# #... #.#
# #... #.#.# #...##.#.#
....... ######.l.#
......5@.# ##########.#
~~~~~~#.##.# ...
~?~W~w+..#.## ...#
B~~~W~#.....#
..###########.....#
#.....# ..........#
#..#..#.########.###+###
##..#..#.# #........


You could see an iguana (ally target) and a friendly cerulean imp (summoned).

Vanquished Creatures
  An adder (D:3)
  A dart slug (D:3)
  A ribbon worm (D:2)
  8 ball pythons
  7 endoplasms
  5 giant cockroaches
  4 goblins
  5 hobgoblins
  2 jackals (D:1)
  7 bats
  3 frilled lizards
  2 kobolds (D:1)
  4 rats
50 creatures vanquished.

Vanquished Creatures (collateral kills)
  An adder (D:2)
1 creature vanquished.

Grand Total: 51 creatures vanquished

Notes
Turn   | Place    | Note
-------+----------+-------------------------------------------
     0 | D:1      | Autsider the Deep Elf Hedge Wizard began the quest for the
                  | Orb.
     0 | D:1      | Reached XP level 1. HP: 10/10 MP: 7/7
    19 | D:1      | You fall into a shaft and drop 1 floor!
   250 | D:1      | Reached XP level 2. HP: 16/16 MP: 5/9
   450 | D:1      | Found a faded altar of an unknown god.
   913 | D:1      | Reached skill level 1 in Fighting
   918 | D:1      | Reached XP level 3. HP: 20/20 MP: 4/10
  1412 | D:2      | Learned a level 3 spell: Mephitic Cloud
  1415 | D:2      | Learned a level 2 spell: Call Imp
  1566 | D:2      | Noticed Terence
  2791 | D:3      | Reached XP level 4. HP: 25/25 MP: 7/12
  2883 | D:3      | Found a runed translucent door.
  2887 | D:3      | Noticed kae's ghost (amateur CoGl)
  2907 | D:3      | Slain by an iguana

Illustrated notes

Levels and vault maps discovered:
D:1:      heliophobic_arrival_henge, layout_basic, ebering_ecumenical_altar_mist
D:2:      layout_basic, uniq_terence
D:3:      layout_basic, ebering_ghost_sewer_f, minmay_misc_feat_pillars

Skill      XL: |  1  2  3 |
---------------+----------+-----
Stealth        | 3 |  3.5
Fighting       | 1 |  1.3
Summonings     | 2 |  2.3
Conjurations   | 2 |  2.2
Dodging        | |  2.4
Spellcasting   | |  4.4
Translocations | |  1.1

Action                     |  1- 3 |  4- 6 || total
---------------------------+-------+-------++-------
  Melee: Unarmed           |    31 |       ||    31
   Cast: Magic Dart        |   133 |    11 ||   144
         Call Imp          |     1 |     1 ||     2
 Armour: Robe              |    38 |     5 ||    43
  Dodge: Dodged            |    46 |     3 ||    49

Table legend: (Time is in decaauts)
 A = Elapsed time spent in this place.
 B = Non-inter-level travel time spent in this place.
 C = Inter-level travel time spent in this place.
 D = Time resting spent in this place.
 E = Time spent auto-exploring this place.
 F = Levels seen in this place.
 G = Mean time per level.
                   A        B        C        D        E       F      G
               +--------+--------+--------+--------+--------+-----+--------+
         Total |   2906 |   2855 |     51 |    235 |   2219 |   3 |  968.7 |
       Dungeon |   2906 |   2855 |     51 |    235 |   2219 |   3 |  968.7 |
               +--------+--------+--------+--------+--------+-----+--------+

Top non-repeatable levels by time:
     D:1: 1301 daAuts
     D:2: 1193 daAuts
     D:3: 410 daAuts
